 Dungeon Crawl Stone Soup version 0.20.0-8-g6b59dc7 (webtiles) character file.

67623 Letos the Bludgeoner (level 15, -3/97 HPs)
             Began as a Gargoyle Fighter on June 1, 2017.
             Slain by an acid blob (18 damage)
             ... on level 1 of the Pits of Slime.
             The game lasted 00:33:53 (21078 turns).

Letos the Bludgeoner (Gargoyle Fighter)            Turns: 21078, Time: 00:33:54

Health: -3/97      AC: 28    Str: 22    XL:     15   Next: 23%
Magic:  24/24      EV:  7    Int:  6    God:
Gold:   1057       SH: 17    Dex: 21    Spells: 11/14 levels left

rFire    + + .     SeeInvis .   I - +5 demon whip of Gozag's Righteous Fury {elec, rPois MR+}
rCold    . . .     Gourm    .   c - +0 shield
rNeg     + . .     Faith    .   t - +3 plate armour
rPois    ∞         Spirit   .   m - +0 helmet
rElec    +         Reflect  +   d - +0 cloak
rCorr    +         Harm     .   (no gloves)
MR       ++...                  A - +0 pair of boots
Stlth    ..........             H - amulet "Axkihuma" {Reflect rF++ Str-5 Dex+4 SH+2}
Regen    0.3/turn               s - ring of resist corrosion
MPRegen  0.2/turn               L - ring "Uralung" {rElec MP+9 Str+5 Dex+3 Stlth-}

@: corroded
A: big wings, dopey 1, mutation resistance 1, negative energy resistance 1,
electricity resistance, unbreathing, petrification resistance, rot immunity,
subdued magic 1, AC +11
a: Fly


You were on level 1 of the Pits of Slime.
You were not hungry.

You visited 4 branches of the dungeon, and saw 17 of its levels.
You also visited: Labyrinth, Sewer and Volcano.

You collected 1057 gold pieces.

Inventory:

Hand Weapons
 q - a +2 great mace of crushing
 I - the +5 demon whip of Gozag's Righteous Fury (weapon) {elec, rPois MR+}
   (You acquired it on level 6 of the Lair of Beasts)

   Occasionally, upon striking a foe, it will discharge some electrical energy
   and cause terrible harm.
   It protects you from poison.
   It affects your resistance to hostile enchantments.
Armour
 c - a +0 shield (worn)
 d - a +0 cloak (worn)
 m - a +0 helmet (worn)
 t - a +3 plate armour (worn)
 A - a +0 pair of boots (worn)
Jewellery
 b - an uncursed ring of protection from cold
 l - a +3 ring of protection
 s - a ring of resist corrosion (left hand)
 F - an uncursed ring of positive energy
 H - the amulet "Axkihuma" (around neck) {Reflect rF++ Str-5 Dex+4 SH+2}
   (You found it on level 6 of the Lair of Beasts)

   [amulet of reflection]

   It shields you and reflects attacks.
   It affects your strength (-5).
   It affects your dexterity (+4).
   It greatly protects you from fire.
   It affects your SH (+2).
 L - the ring "Uralung" (right hand) {rElec MP+9 Str+5 Dex+3 Stlth-}
   (You found it in a labyrinth)

   [ring of dexterity]

   It affects your strength (+5).
   It affects your dexterity (+3).
   It insulates you from electricity.
   It affects your magic capacity (+9).
   It makes you less stealthy.
 Z - an uncursed ring of protection from cold
Wands
 a - a wand of acid (2/15)
 y - a wand of disintegration (5/24)
 z - a wand of disintegration (1/24)
 J - a wand of iceblast (6/15)
 Q - a wand of polymorph (16/24)
Scrolls
 g - 8 scrolls of remove curse
 k - 3 scrolls of blinking
 o - 3 scrolls of amnesia
 u - 2 scrolls of fog
 x - 4 scrolls of teleportation
 X - a scroll of summoning {unknown}
Potions
 j - 5 potions of lignification
 n - 3 potions of brilliance
 v - 2 potions of curing
 w - 4 potions of flight
 D - 2 potions of invisibility
 P - 2 potions of might
 R - a potion of cancellation
 T - a potion of agility
 V - 2 potions of magic
Books
 p - a book of Necromancy

   Spells                             Type                      Level
   a - Pain                           Necromancy                   1
   b - Animate Skeleton               Necromancy                   1
   c - Vampiric Draining              Necromancy                   3
   d - Regeneration                   Charms/Necromancy            3
   e - Animate Dead                   Necromancy                   4
   f - Control Undead                 Necromancy                   4
 E - a book of Geomancy

   Spells                             Type                      Level
   a - Sandblast                      Earth                        1
   b - Passwall                       Transmutation/Earth          2
   c - Stone Arrow                    Conjuration/Earth            3
   d - Petrify                        Transmutation/Earth          4
   e - Lee's Rapid Deconstruction     Earth                        5
 G - a book of Minor Magic

   Spells                             Type                      Level
   a - Magic Dart                     Conjuration                  1
   b - Blink                          Translocation                2
   c - Call Imp                       Summoning                    2
   d - Slow                           Hexes                        2
   e - Conjure Flame                  Conjuration/Fire             3
   f - Mephitic Cloud                 Conjuration/Poison/Air       3
 K - a book of Battle

   Spells                             Type                      Level
   a - Infusion                       Charms                       1
   b - Shroud of Golubria             Charms/Translocation         2
   c - Song of Slaying                Charms                       2
   d - Spectral Weapon                Hexes/Charms                 3
   e - Regeneration                   Charms/Necromancy            3
 M - a book of Party Tricks

   Spells                             Type                      Level
   a - Summon Butterflies             Summoning                    1
   b - Apportation                    Translocation                1
   c - Lesser Beckoning               Translocation                3
   d - Tukima's Dance                 Hexes                        3
   e - Alistair's Intoxication        Transmutation/Poison         5
   f - Invisibility                   Hexes                        6
 N - a book of Annihilations

   Spells                             Type                      Level
   a - Poison Arrow                   Conjuration/Poison           6
   b - Chain Lightning                Conjuration/Air              8
   c - Lehudib's Crystal Spear        Conjuration/Earth            8
   d - Glaciate                       Conjuration/Ice              9
   e - Fire Storm                     Conjuration/Fire             9
Comestibles
 f - 4 bread rations
 h - 4 meat rations
 r - 9 fruits
 O - 4 royal jellies


   Skills:
 + Level 12.9 Fighting
 - Level 16.3 Maces & Flails
 - Level 10.0 Armour
 * Level 15.7 Shields


You had 11 spell levels left.
You knew the following spells:

 Your Spells              Type           Power        Failure   Level  Hunger
a - Blink                 Tloc           N/A          100%        2    ###....
b - Summon Butterflies    Summ           #.......     99%         1    ##.....


Dungeon Overview and Level Annotations

Branches:
Dungeon (8/15)             Temple (1/1) D:6            Lair (6/6) D:8
 Shoals (0/4) Lair:4       Spider (0/4) Lair:3        Slime (2/5) Lair:6

Altars:
Ashenzari
Cheibriados
Dithmenos
Elyvilon
Fedhas
Gozag
Hepliaklqana
Kikubaaqudgha
Makhleb
Qazlal
Ru
Sif Muna
Trog
Uskayaw
Vehumet
Xom
Yredelemnul
Zin
The Shining One
Lugonu


Innate Abilities, Weirdness & Mutations

You are resistant to torment.
Your stone body is resilient. (AC +11)
You are immune to poison.
Your large and strong wings let you fly indefinitely.
You resist negative energy. (rN+)
You are resistant to electric shocks. (rElec)
You can survive without breathing.
You are immune to petrification.
You are immune to rotting.
You are dopey. (Int -2)
You are somewhat resistant to further mutation.
Your spells are a little easier to cast, but a little less powerful.


Message History

You are splashed with acid!
The acid burns!
You resist.
* * * LOW HITPOINT WARNING * * *
Okay, then.
You feel better.
You are splashed with acid!
The wall burns you! You resist.
* * * LOW HITPOINT WARNING * * *
The acid blob hits you!
* * * LOW HITPOINT WARNING * * *
You are splashed with acid!
The acid burns!
You resist.
* * * LOW HITPOINT WARNING * * *
The acid blob hits you but does no damage.
The acid blob hits you but does no damage.
You feel better.
The acid blob hits you but does no damage.
You feel better. The acid blob spits acid at you. The splash of acid hits you!
You resist. The acid corrodes you!
You are splashed with acid!
The acid burns!
You resist.
* * * LOW HITPOINT WARNING * * *
You feel better. The acid blob hits you!!
You die...

#..................#...
##...#..........>......
#...##.................
##.#...................
##..........#..........
#......................
##.....................
###...................
##.J@..#.............
#.................#..
##.#.................
###.#...............
##..................
#...#......#........
##.#......###...#...
####......#....###.
##.#...#.....###


You could see an acid blob.

Vanquished Creatures
  Rupert (Lair:3)
  6 acid blobs
  A minotaur (Lab)
  3 great orbs of eyes
  4 catoblepae
  4 hydras
  A centaur warrior (Volcano)
  5 death yaks (Lair:6)
  The ghost of ChaseSP the Cleaver, a novice DDFi of Makhleb (D:8)
  3 two-headed ogres (D:8)
  A hell knight (Volcano)
  A fire crab (Lair:5)
  An unseen horror (Lab)
  3 shining eyes (Slime:1)
  2 manticores (Lair:6)
  4 black mambas
  10 elephants
  A torpor snail (Lair:6)
  9 spiny frogs
  2 gargoyles (Lab)
  2 eyes of devastation
  5 komodo dragons
  2 polar bears (Lair:6)
  Prince Ribbit (D:7)
  6 hippogriffs
  Grinder (D:3)
  12 blink frogs
  35 slime creatures
  2 redbacks (Lab)
  47 yaks
  A golden eye (Slime:2)
  3 hungry ghosts
  A steam dragon (Lair:3)
  Menkaure (D:4)
  11 water moccasins
  6 porcupines
  Duvessa (D:7)
  An orc warrior (D:7)
  2 sky beasts (D:6)
  An ice beast (D:5)
  3 black bears
  3 eyes of draining
  A phantom (D:7)
  2 ogres (D:5)
  9 crocodiles
  24 wolves
  7 centaurs
  12 bullfrogs
  A water moccasin zombie (D:5)
  Dowan (D:7)
  2 scorpions
  An electric eel (Lair:1)
  2 vampire bats (D:6)
  3 howler monkeys
  A centaur zombie (D:6)
  A crimson imp (D:8)
  A hound (D:8)
  2 jellies
  Crazy Yiuf (D:3)
  3 orc priests
  3 centaur skeletons
  A merfolk siren (Sewer)
  5 orc wizards
  A merfolk avatar (Sewer)
  5 worker ants
  A hound zombie (D:8)
  An ogre skeleton (Lab)
  A hound skeleton (D:8)
  A worker ant zombie (D:7)
  Robin (D:4)
  15 adders
  A howler monkey skeleton (D:5)
  2 river rats (Sewer)
  2 oozes
  2 adder zombies
  2 dart slugs (D:3)
  7 leopard geckos
  27 orcs
  11 bats
  13 giant cockroaches
  2 gnoll zombies (D:2)
  16 goblins
  9 hobgoblins
  3 jackals (D:2)
  2 quokkas
  5 ball pythons
  4 frilled lizards (Sewer)
  2 jackal skeletons
  10 kobolds
  A leopard gecko skeleton (D:8)
  A leopard gecko zombie (D:8)
  35 rats
  A bush (D:1)
477 creatures vanquished.

Vanquished Creatures (others)
  2 bushes (Lair:6)
  36 fungi
  23 plants
61 creatures vanquished.

Grand Total: 538 creatures vanquished

Notes
Turn   | Place    | Note
-------+----------+-------------------------------------------
     0 | D:1      | Letos the Gargoyle Fighter began the quest for the Orb.
     0 | D:1      | Reached XP level 1. HP: 14/14 MP: 1/1
   132 | D:1      | Reached XP level 2. HP: 14/19 MP: 2/2
   304 | D:1      | Reached skill level 3 in Maces & Flails
  1157 | D:2      | Found a blossoming altar of Fedhas.
  1176 | D:2      | Reached XP level 3. HP: 23/23 MP: 3/3
  1402 | D:2      | Noticed an earth elemental
  1404 | D:2      | Found a stormy altar of Qazlal.
  1431 | D:2      | Noticed an air elemental
  1435 | D:2      | Noticed a water elemental
  1435 | D:2      | Noticed a fire elemental
  1577 | D:2      | Reached skill level 4 in Maces & Flails
  1747 | D:2      | Reached XP level 4. HP: 25/28 MP: 4/4
  1749 | D:2      | Found a basalt altar of Yredelemnul.
  2005 | D:3      | Found a glowing drain.
  2034 | Sewer    | Entered a sewer
  2236 | Sewer    | Reached skill level 5 in Maces & Flails
  2236 | Sewer    | Reached XP level 5. HP: 32/32 MP: 5/5
  2576 | Sewer    | Noticed a malarious merfolk avatar
  2601 | Sewer    | Killed a malarious merfolk avatar
  2675 | D:3      | Reached skill level 6 in Maces & Flails
  2675 | D:3      | Reached XP level 6. HP: 33/37 MP: 6/6
  3217 | D:3      | Noticed Grinder
  3228 | D:3      | Killed Grinder
  3228 | D:3      | Reached skill level 7 in Maces & Flails
  3228 | D:3      | Reached XP level 7. HP: 36/41 MP: 7/7
  3866 | D:3      | Found a runed door.
  3873 | D:3      | Noticed Crazy Yiuf
  3878 | D:3      | Paralysed by Crazy Yiuf for 4 turns
  3884 | D:3      | Killed Crazy Yiuf
  3984 | D:4      | Reached skill level 8 in Maces & Flails
  4127 | D:4      | Noticed Robin
  4178 | D:4      | Killed Robin
  4420 | D:4      | Noticed Menkaure
  4427 | D:4      | Killed Menkaure
  4576 | D:4      | Found a shattered altar of Ashenzari.
  4687 | D:5      | Entered Level 5 of the Dungeon
  4712 | D:5      | Found a glowing golden altar of the Shining One.
  4729 | D:5      | Reached skill level 9 in Maces & Flails
  4729 | D:5      | Reached XP level 8. HP: 46/46 MP: 8/8
  4757 | D:5      | Found a snail-covered altar of Cheibriados.
  4778 | D:5      | Found a white marble altar of Elyvilon.
  5325 | D:5      | Reached skill level 10 in Maces & Flails
  5888 | D:6      | Found a staircase to the Ecumenical Temple.
  5932 | Temple   | Entered the Ecumenical Temple
  6119 | D:6      | Found an opulent altar of Gozag.
  6120 | D:6      | Found a glowing silver altar of Zin.
  6123 | D:6      | Found a hazy altar of Hepliaklqana.
  6469 | D:6      | Reached XP level 9. HP: 51/52 MP: 9/9
  6815 | D:7      | Noticed Dowan
  6815 | D:7      | Noticed Prince Ribbit
  6816 | D:7      | Noticed Duvessa
  6838 | D:7      | Killed Duvessa
  6847 | D:7      | Killed Dowan
  7072 | D:7      | Reached skill level 11 in Maces & Flails
  7223 | D:7      | Reached skill level 5 in Shields
  7492 | D:7      | Reached skill level 5 in Fighting
  7593 | D:7      | Killed Prince Ribbit
  7593 | D:7      | Reached skill level 5 in Armour
  7952 | D:7      | Found a bloodstained altar of Trog.
  7952 | D:7      | Found a shadowy altar of Dithmenos.
  8117 | D:8      | Noticed a two-headed ogre
  8197 | D:8      | HP: 2/54 [two-headed ogre/giant club (3)]
  8534 | D:8      | Noticed a two-headed ogre
  8547 | D:8      | Killed a two-headed ogre
  8547 | D:8      | Reached XP level 10. HP: 9/60 MP: 10/10
  8988 | D:8      | Noticed ChaseSP's ghost (novice DDFi)
  8992 | D:8      | Gained mutation: You are occasionally teleported next to monsters. [potion of mutation]
  8992 | D:8      | Gained mutation: Your spells are a little easier to cast, but a little less powerful. [potion of mutation]
  8992 | D:8      | Gained mutation: Your magical capacity is low. (-10% MP) [potion of mutation]
  8992 | D:8      | Gained mutation: You are somewhat resistant to further mutation. [potion of mutation]
  9040 | D:8      | Killed ChaseSP's ghost
  9040 | D:8      | Reached skill level 12 in Maces & Flails
  9214 | D:8      | Found a staircase to the Lair.
  9233 | D:8      | Lost mutation: Your magical capacity is low. (-10% MP) [potion of mutation]
  9233 | D:8      | Lost mutation: Your spells are a little easier to cast, but a little less powerful. [potion of mutation]
  9233 | D:8      | Lost mutation: You are occasionally teleported next to monsters. [potion of mutation]
  9233 | D:8      | Lost mutation: You are somewhat resistant to further mutation. [potion of mutation]
  9233 | D:8      | Gained mutation: You are clumsy. (Dex -2) [potion of mutation]
  9233 | D:8      | Gained mutation: You are partially covered in yellow scales. (AC +2) [potion of mutation]
  9233 | D:8      | Gained mutation: Your body sometimes deteriorates upon taking damage. [potion of mutation]
  9233 | D:8      | Gained mutation: Your flesh is cold resistant. (rC+) [potion of mutation]
  9471 | D:8      | Noticed a two-headed ogre
  9494 | D:8      | Killed a two-headed ogre
  9645 | D:8      | Killed a two-headed ogre
  9915 | D:8      | Reached XP level 11. HP: 66/66 MP: 11/11
 10035 | Lair:1   | Entered Level 1 of the Lair of Beasts
 10210 | Lair:1   | Found a labyrinth entrance.
 10219 | Lab      | Entered a labyrinth
 11137 | Lab      | Killed an unseen horror
 11189 | Lab      | Noticed a minotaur
 11197 | Lab      | Killed a minotaur
 11197 | Lab      | Reached skill level 13 in Maces & Flails
 11246 | Lab      | Got a heavily runed ivory ring
 11248 | Lab      | Identified the ring "Uralung" {rElec MP+9 Str+5 Dex+3 Stlth-} (You found it in a labyrinth)
 12088 | Lair:1   | Reached skill level 10 in Shields
 12569 | Lair:2   | Reached XP level 12. HP: 73/73 MP: 12/12
 12619 | Lair:2   | Lost mutation: You are clumsy. (Dex -2) [potion of mutation]
 12619 | Lair:2   | Lost mutation: You are partially covered in yellow scales. (AC +2) [potion of mutation]
 12619 | Lair:2   | Lost mutation: Your body sometimes deteriorates upon taking damage. [potion of mutation]
 12619 | Lair:2   | Lost mutation: Your flesh is cold resistant. (rC+) [potion of mutation]
 12619 | Lair:2   | Gained mutation: Your spells are a little easier to cast, but a little less powerful. [potion of mutation]
 12619 | Lair:2   | Gained mutation: You are somewhat resistant to further mutation. [potion of mutation]
 13122 | Lair:2   | Noticed an eight-headed hydra
 13143 | Lair:2   | Killed an eight-headed hydra
 13252 | Lair:2   | Learned a level 2 spell: Blink
 13254 | Lair:2   | Learned a level 1 spell: Summon Butterflies
 13625 | Lair:3   | Noticed Rupert
 13651 | Lair:3   | Killed Rupert
 13651 | Lair:3   | Reached skill level 14 in Maces & Flails
 13823 | Lair:3   | Found a hole to the Spider Nest.
 13944 | Lair:3   | Found a dark tunnel.
 13995 | Volcano  | Entered a volcano
 14281 | Volcano  | Noticed a centaur warrior
 14292 | Volcano  | Killed a centaur warrior
 14924 | Lair:4   | Noticed a catoblepas
 14932 | Lair:4   | Reached XP level 13. HP: 80/80 MP: 13/13
 14963 | Lair:4   | Found a staircase to the Shoals.
 16376 | Lair:6   | Entered Level 6 of the Lair of Beasts
 16461 | Lair:6   | Reached skill level 15 in Maces & Flails
 16467 | Lair:6   | Reached skill level 10 in Armour
 16527 | Lair:6   | Found a staircase to the Slime Pits.
 16719 | Lair:6   | Reached skill level 10 in Fighting
 17535 | Lair:6   | Gained mutation: Your large and strong wings let you fly indefinitely. [Gargoyle growth]
 17535 | Lair:6   | Reached XP level 14. HP: 48/88 MP: 14/14
 17801 | Lair:6   | Reached skill level 16 in Maces & Flails
 18125 | Lair:6   | Got a slimy ruby amulet
 18133 | Lair:6   | Identified the amulet "Axkihuma" {Reflect rF++ Str-5 Dex+4 SH+2} (You found it on level 6 of the Lair of Beasts)
 18136 | Lair:6   | Identified a scroll of acquirement
 18137 | Lair:6   | Got a scorched demon whip
 18138 | Lair:6   | Identified the +5 demon whip of Gozag's Righteous Fury {elec, rPois MR+} (You acquired it on level 6 of the Lair of Beasts)
 18808 | Slime:1  | Entered Level 1 of the Pits of Slime
 18902 | Slime:1  | Noticed an acid blob
 18912 | Slime:1  | Killed an acid blob
 19603 | Slime:2  | Gained mutation: You are dopey. (Int -2) [a shining eye]
 19725 | Slime:2  | Noticed an acid blob
 19871 | Slime:2  | Noticed an acid blob
 19980 | Slime:1  | Killed an acid blob
 20293 | Slime:1  | Noticed an acid blob
 20300 | Slime:1  | Killed an acid blob
 20300 | Slime:1  | Reached skill level 15 in Shields
 20300 | Slime:1  | Reached XP level 15. HP: 52/97 MP: 15/15
 20312 | Slime:1  | Noticed an acid blob
 20465 | Slime:1  | Killed an acid blob
 20566 | Slime:2  | Killed an acid blob
 20806 | Slime:2  | Noticed an acid blob
 20893 | Slime:2  | Killed an acid blob
 21062 | Slime:2  | Noticed an acid blob
 21074 | Slime:1  | HP: 2/97 [acid (4)]
 21078 | Slime:1  | Slain by an acid blob

Skill      XL: |  1  2  3  4  5  6  7  8  9 10 11 12 13 14 |
---------------+-------------------------------------------+-----
Maces & Flails | 3 4 5 6 7 9 10 11 12 13 14 15 16 | 16.3
Shields        | 4 6 8 10 11 12 15 | 15.7
Fighting       | 4 5 6 8 9 10 12 | 12.9
Armour         | 4 5 6 8 9 10 | 10.0

Action                   |  1- 3 |  4- 6 |  7- 9 | 10-12 | 13-15 || total
-------------------------+-------+-------+-------+-------+-------++-------
Melee: Flail             |   259 |   281 |   548 |   323 |       ||  1411
       Morningstar       |       |       |       |   289 |       ||   289
       Great mace        |       |       |       |    93 |   317 ||   410
       Demon whip        |       |       |       |       |   384 ||   384
Evoke: Wand              |       |       |       |     3 |       ||     3
  Use: Scroll            |     2 |     6 |     5 |     8 |     7 ||    28
       Potion            |       |     2 |     6 |    12 |     7 ||    27
  Eat: Meat ration       |     1 |       |       |       |     1 ||     2
       Chunk             |       |     4 |    11 |    15 |    13 ||    43
       Bread ration      |       |       |     2 |     4 |       ||     6
       Royal jelly       |       |       |       |     5 |     1 ||     6
       Fruit             |       |       |       |     3 |       ||     3
Armor: Scale mail        |    37 |       |       |       |       ||    37
       Plate armour      |   113 |   258 |   513 |   561 |   408 ||  1853
       Skin              |       |       |     6 |       |       ||     6
Dodge: Dodged            |    79 |    71 |   181 |   184 |   128 ||   643
Block: Shield            |       |       |       |    78 |   133 ||   211
       Reflection        |       |       |       |       |     4 ||     4
